AoeStats
← eyupfc

Golden Pit

508389231Analyzed
1v1 RM · 10d ago on Sep 22, 2026· 48m 44s· 2 players
Game mode
Random Map
Map size
Tiny (2 player)
Population
200
Speed
Normal
Resources
Standard
Victory
Conquest
Starting age
Dark Age
Ending age
Imperial Age
RankedLock teamsTeams togetherTeam positionsShared explorationLock speedFull tech treeHidden civsTurbo modeCheats
Victory
Defeat
🇩🇪 Maya · Germany
1355
+13
🇹🇷 Mongols · Türkiye
1278
-13
Gimni
0:25 Loom
10:19 Feudal Age
12:34 Double-Bit Axe
14:08 Horse Collar
17:03 Wheelbarrow
17:39 Fletching
22:07 Castle Age
20:31 Fletching
21:31 Padded Archer Armor
21:50 Gold Mining
22:21 Crossbowman
23:23 Bodkin Arrow
25:15 Bow Saw
26:54 Thumb Ring
32:25 Ballistics
36:15 Imperial Age
35:02 Town Watch
37:25 Bracer
36:47 Arbalester
39:22 Two-Man Saw
38:48 Leather Archer Armor
41:35 Hand Cart
42:52 Conscription
44:39 Eagle Warrior
45:20 Squires
44:44 Elite Skirmisher
46:15 Stone Mining
46:58 Heavy Plow
47:59 Holcans
47:03 Elite Eagle Warrior
47:29 Arson
49:13 Town Patrol
eyupfc
5:42 Loom
8:30 Feudal Age
9:22 Double-Bit Axe
10:24 Horse Collar
17:37 Fletching
22:04 Castle Age
20:28 Padded Archer Armor
20:58 Gold Mining
23:16 Bow Saw
22:34 Crossbowman
22:37 Elite Skirmisher
23:14 Bodkin Arrow
25:05 Heavy Plow
30:46 Scale Barding Armor
31:09 Husbandry
39:47 Imperial Age
38:16 Bloodlines
42:38 Ballistics
43:19 Chemistry
44:12 Light Cavalry
45:31 Conscription
47:23 Thumb Ring
Connection lost

Rejoining the realm…

Still unreachable

The connection could not be restored.

Session expired

The server has moved on; the page needs a fresh start.